 Dungeon Crawl Stone Soup version 0.30-a0-778-g2ef04afb54 (webtiles) character file.

Game seed: 8505572946487636263

48497 hikkokomori the Fighter (level 14, -7/138 HPs)
             Began as a Gargoyle Hedge Wizard on Feb 15, 2023.
             Was an Initiate of Gozag.
             Mangled by a dire elephant (22 damage)
             ... in a Gauntlet on Feb 16, 2023.
             The game lasted 01:12:12 (18380 turns).

hikkokomori the Fighter (Gargoyle Hedge Wizard)    Turns: 18380, Time: 01:12:12

Health: -7/138     AC: 28    Str: 14    XL:     14   Next: 46%
Magic:  24/24      EV: 17    Int: 32    God:    Gozag
Gold:   1047       SH:  5    Dex: 11    Spells: 2/27 levels left

rFire   + . .      SeeInvis .    S - +1 rapier of the Real Monster {flame, *Rage Int+4 Dex+2}
rCold   . . .      Faith    .    L - +0 buckler
rNeg    + . .      Spirit   .    w - +5 ring mail of Dramatic Exits {Rampage}
rPois   ∞          Reflect  .    c - +0 helmet
rElec   +          Harm     .    X - +0 cloak
rCorr   +          Rampage  +    h - +0 pair of gloves
Will    +....      Rage     20%  b - +1 pair of boots Stlth NoTele +
                                 j - amulet of regeneration
HPRegen 1.23/turn                O - +5 ring of evasion
MPRegen 0.19/turn                m - ring of Fiforais {Drain rPois rF+ rCorr Int+8}

@: berserking, flying, very quick
A: sickness immunity, AC +10, big wings, negative energy resistance 1,
electricity resistance, torment resistance 1, petrification resistance
a: Renounce Religion, Potion Petition, Call Merchant, Bribe Branch


You were in a Gauntlet.
You worshipped Gozag.
Gozag was most pleased with you.
You visited 3 branches of the dungeon, and saw 17 of its levels.
You also visited: Gauntlet.

You collected 3028 gold pieces.
You spent 616 gold pieces at shops.
You paid 1365 gold pieces to Gozag.

Inventory:

Hand Weapons
 G - a +0 dagger of venom
 S - the +1 rapier of the Real Monster (weapon) {flame, *Rage Int+4 Dex+2}
   (You took it off an orc on level 7 of the Dungeon)

   Int:       It affects your intelligence (+4).
   Dex:       It affects your dexterity (+2).
   *Rage:     It berserks you when you make melee attacks (+20% chance).
Armour
 b - a +1 pair of boots (worn)
 c - a +0 helmet (worn)
 h - a +0 pair of gloves (worn)
 o - the +9 chain mail of Huacs {rC++ rCorr Int+3 Slay-2}
   (You found it on level 5 of the Lair of Beasts)

   Int:       It affects your intelligence (+3).
   Slay:      It affects your accuracy & damage with ranged weapons and melee
   (-2).
   rC:        It greatly protects you from cold.
   rCorr:     It protects you from acid and corrosion.
 w - the +5 ring mail of Dramatic Exits (worn) {Rampage}
   (You found it on level 2 of the Lair of Beasts)

   Rampage:   It bestows one free step when moving towards enemies.
 L - a +0 buckler (worn)
 N - the +3 pair of seven-league boots {Rampage+∞}
   (You found it in a Gauntlet)

   Rampage+∞: When moving toward enemies, its wearer moves as far as possible.
 X - a +0 cloak (worn)
Magical Staves
 C - a staff of earth
Jewellery
 j - an amulet of regeneration (around neck)
 m - the ring of Fiforais (right hand) {Drain rPois rF+ rCorr Int+8}
   (You found it in a Gauntlet)

   [ring of protection from fire]

   Int:       It affects your intelligence (+8).
   rF:        It protects you from fire.
   rPois:     It protects you from poison.
   rCorr:     It protects you from acid and corrosion.
   Drain:     It drains your maximum health when unequipped.
 A - a ring of protection from cold
 O - a +5 ring of evasion (left hand)
 Q - a +5 ring of evasion
 U - a +6 ring of dexterity
Wands
 x - a wand of mindburst (11)
 J - a wand of paralysis (9)
 M - a wand of quicksilver (2)
 R - a wand of flame (10)
 W - a wand of iceblast (1)
Scrolls
 a - a scroll of noise {unknown}
 e - 2 scrolls of magic mapping
 f - 3 scrolls of amnesia
 k - a scroll of acquirement {unknown}
 p - 3 scrolls of immolation
 q - a scroll of fear
 u - 4 scrolls of vulnerability
 v - 2 scrolls of enchant weapon
 y - a scroll of summoning {unknown}
 D - a scroll of teleportation
 H - 4 scrolls of enchant armour
 I - 2 scrolls of brand weapon
 K - 2 scrolls of blinking {unknown}
 P - 3 scrolls of fog
 Y - a scroll of torment {unknown}
 Z - a scroll of silence
Potions
 d - 2 potions of magic
 g - a potion of invisibility
 i - a potion of berserk rage
 l - 4 potions of brilliance
 n - 2 potions of heal wounds
 r - 3 potions of curing
 s - 3 potions of attraction
 t - 2 potions of lignification
 z - 2 potions of might
 B - 2 potions of haste
 E - 3 potions of resistance
 F - a potion of mutation
 V - 2 potions of ambrosia


   Skills:
 - Level 12.5 Fighting
 + Level 10.2 Short Blades
 - Level 8.1 Armour
 + Level 6.0 Dodging
 - Level 8.1 Stealth
 - Level 6.7 Shields
 - Level 7.0 Spellcasting
 + Level 5.7 Conjurations
 + Level 2.4 Summonings
 - Level 1.5 Translocations
 + Level 1.4 Transmutations
 - Level 2.0 Air Magic
 - Level 8.6 Earth Magic
 - Level 4.4 Poison Magic
 - Level 4.3 Evocations


You had 2 spell levels left.
You knew the following spells:

 Your Spells              Type           Power      Damage    Failure   Level
a - Magic Dart            Conj           100%       1d8       1%          1
b - Call Imp              Summ           26%        N/A       5%          2
c - Blink                 Tloc           40%        N/A       8%          2
d - Mephitic Cloud        Conj/Pois/Air  37%        N/A       5%          3
e - Lee's Rapid Deconstr  Erth           30%        3d16*     8%          5
f - Wereblood             Tmut           20%        N/A       8%          2
g - Animate Armour        Summ/Erth      92%        N/A       10%         4
h - Borgnjor's Vile Clut  Necr/Erth      19%        N/A       41%         5
i - Apportation           Tloc           40%        N/A       4%          1

Your spell library contained the following spells:

 Spells                   Type           Power      Damage    Failure   Level
 Sandblast                Erth           100%       2d20      1%          1
 Summon Small Mammal      Summ           100%       N/A       3%          1
 Beastly Appendage        Tmut           40%        N/A       5%          1
 Necrotise                Necr           44%        1d6       10%         1
 Slow                     Hex            44%        N/A       10%         1
 Spider Form              Tmut/Pois      30%        N/A       9%          3
 Leda's Liquefaction      Hex/Erth       19%        N/A       16%         4
 Summon Guardian Golem    Hex/Summ       19%        N/A       17%         3
 Yara's Violent Unravell  Hex/Tmut       7%         3d5       89%         5
 Enfeeble                 Hex            5%         N/A       100%        7
 Orb of Destruction       Conj           24%        9d9       100%        7
 Spellforged Servitor     Conj/Summ      18%        N/A       100%        7
 Cigotuvi's Dreadful Rot  Necr/Pois/Air  Unusable   N/A       N/A         2
 Statue Form              Tmut/Erth      Unusable   N/A       N/A         6

Dungeon Overview and Level Annotations

Branches:
Dungeon (11/15)            Temple (1/1) D:6            Lair (5/5) D:8
  Swamp (0/4) Lair:2       Spider (0/4) Lair:3        Slime (0/5) Lair:5
Gauntlet (1/1)
    Orc: D:9-12

Altars:
Ashenzari
Cheibriados
Dithmenos
Elyvilon
Fedhas
Gozag
Hepliaklqana
Kikubaaqudgha
Makhleb
Nemelex Xobeh
Okawaru
Qazlal
Ru
Sif Muna
Trog
Uskayaw
Vehumet
Wu Jian
Xom
Yredelemnul
Zin
The Shining One
Jiyva

Shops:
D:5 *   Lair:3 *   Lair:5 :

Annotations:
D:3 2 transporters, scionoferis's ghost, weakling DgHs Gauntlet 6 transporters, 5 runed translucent doors


Innate Abilities, Weirdness & Mutations

You are immune to sickness and miasma.
Your stone body is resilient. (AC +10)
You are immune to poison.
Your large and strong wings let you fly.
You resist negative energy. (rN+)
You are resistant to electric shocks. (rElec)
You are resistant to unholy torment.
You are immune to petrification.


Message History

Okay, then.
You puncture the elephant! You burn the elephant.
The elephant is lightly wounded.
You recover from your berserk rage.
The elephant tramples you but does no damage.
You block the elephant's attack.
The dire elephant attacks as you move away!
The dire elephant tramples you!! The dire elephant trunk-slaps you!
You hit the dire elephant but do no damage.
The dire elephant tramples you!
You hold your ground!
The dire elephant closely misses you. The elephant tramples you!
* * * LOW HITPOINT WARNING * * *
You hold your ground!
The elephant misses you.
You hit the dire elephant but do no damage.
A red film seems to cover your vision as you go berserk!
You feel yourself moving faster!
You feel mighty!
You hit the dire elephant but do no damage.
The dire elephant tramples you!
* * * LOW HITPOINT WARNING * * *
You hold your ground!
You block the dire elephant's attack. The elephant closely misses you.
You block the elephant's attack.
You hit the dire elephant but do no damage.
The dire elephant misses you.
The dire elephant trunk-slaps you but does no damage.
The elephant closely misses you. The elephant barely misses you.
You hit the dire elephant. You burn the dire elephant.
The dire elephant is lightly wounded.
You hit the dire elephant. You burn the dire elephant.
The dire elephant is lightly wounded.
The dire elephant misses you. The dire elephant trunk-slaps you!
* * * LOW HITPOINT WARNING * * *
You block the elephant's attack.
The elephant trunk-slaps you but does no damage.
You barely miss the dire elephant.
The dire elephant is lightly wounded.
You hit the dire elephant. You burn the dire elephant.
The dire elephant is lightly wounded.
The dire elephant tramples you!!
You die...
Your body crumbles into a pile of gold.

$ .# #. ... #####.#
.....
#########.########
#.Y...............
#@8.8.8.©.©.8.8.8.
#.Y............... ##
##################
##≈###≈###.......###≈#
#≈≈≈#≈≈≈#..∩.8.∩..#≈≈≈
#≈...................
##.#########.########
##≈.#.))©.ww#.####©###
#≈≈.#.w..#..#.###Y..##


You could see a dire elephant and an elephant.

Vanquished Creatures
  Gastronok (Lair:3)
  Nessos (Lair:4)
  Josephine (Lair:4)
  3 hydras (Lair:5)
  A catoblepas (Lair:4)
  2 two-headed ogres (D:11)
  Sonja (Lair:4)
  A fire crab (Gauntlet)
  A pharaoh ant (Lair:3)
  3 bog bodies (Lair:2)
  2 skysharks
  2 oklob plants
  A manticore (D:11)
  Maurice (D:8)
  10 elephants
  3 black mambas
  Joseph (D:8)
  5 cane toads
  Maggie (Lair:1)
  2 rime drakes
  8 komodo dragons
  8 polar bears
  A tarantella (Lair:3)
  5 hornets
  2 trolls (D:11)
  Prince Ribbit (D:8)
  23 blink frogs (Lair:5)
  8 dream sheep (Lair:5)
  3 slime creatures (Lair:5)
  Sigmund (D:2)
  2 shadows
  15 spriggans (Lair:5)
  4 wraiths
  A jumping spider (Lair:3)
  2 wyverns
  3 fire bats (Gauntlet)
  37 yaks
  A redback (Lair:2)
  3 basilisks
  10 water moccasins
  2 swamp worms (Lair:2)
  3 acid dragons
  2 sky beasts
  An orc warrior (D:9)
  2 ice beasts (D:7)
  4 black bears
  4 ogres
  4 boggarts (Lair:5)
  18 wolves
  2 centaurs
  Blork the orc (D:6)
  4 kobold brigands
  11 bullfrogs
  5 scorpions
  5 wights (D:8)
  4 killer bees (D:9)
  An electric eel (Lair:2)
  A howler monkey (D:10)
  8 hounds
  2 jellies
  2 gnoll boudas
  6 orc priests
  2 iguanas (D:7)
  Terence (D:2)
  13 orc wizards
  7 gnolls
  3 adders
  A shadow imp (D:4)
  An ufetubus (D:5)
  3 dart slugs
  A worm (D:4)
  26 orcs
  11 ball pythons
  7 endoplasms
  A giant cockroach (D:2)
  17 goblins
  9 hobgoblins
  2 jackals (D:2)
  4 quokkas
  4 bats
  4 frilled lizards
  16 kobolds
  3 rats
409 creatures vanquished.

Vanquished Creatures (collateral kills)
  2 water moccasins
  Robin (D:2)
  A kobold (D:4)
4 creatures vanquished.

Vanquished Creatures (others)
  An orc wizard (D:8)
  A bush (Lair:3)
  40 fungi
  33 plants
75 creatures vanquished.

Grand Total: 488 creatures vanquished

Notes
Turn   | Place    | Note
-------+----------+-------------------------------------------
     0 | D:1      | hikkokomori the Gargoyle Hedge Wizard began the quest for
                  | the Orb.
     0 | D:1      | Reached XP level 1. HP: 10/10 MP: 4/4
   148 | D:1      | Reached skill level 1 in Summonings
   178 | D:1      | You fall into a shaft and drop 1 floor!
   194 | D:2      | Reached skill level 1 in Translocations
   412 | D:1      | Reached XP level 2. HP: 15/15 MP: 3/6
  1177 | D:1      | Found a faded altar of an unknown god.
  1266 | D:2      | Noticed Sigmund
  1389 | D:2      | Reached XP level 3. HP: 18/19 MP: 0/7
  1411 | D:2      | Learned a level 2 spell: Call Imp
  1414 | D:2      | Learned a level 2 spell: Blink
  1418 | D:2      | Learned a level 3 spell: Mephitic Cloud
  1504 | D:2      | Noticed Terence
  1679 | D:2      | Killed Sigmund
  1680 | D:2      | Reached skill level 1 in Fighting
  1680 | D:2      | Reached skill level 1 in Poison Magic
  1680 | D:2      | Reached XP level 4. HP: 17/26 MP: 1/9
  1680 | D:2      | Reached XP level 5. HP: 19/30 MP: 1/10
  1818 | D:2      | Killed Terence
  1819 | D:2      | Reached skill level 2 in Fighting
  1819 | D:2      | Reached XP level 6. HP: 27/35 MP: 3/11
  2242 | D:2      | Identified the +1 leather armour "Moagaloush" {rPois Will-
                  | Regen+}
  2394 | D:2      | Upgraded the game from 0.30-a0-777-ga9a30cbeda to
                  | 0.30-a0-778-g2ef04afb54
  2573 | D:2      | Noticed Robin
  2664 | D:2      | Killed Robin
  3076 | D:3      | Noticed scionoferis's ghost (weakling DgHs)
  3077 | D:3      | Found a transporter.
  3205 | D:3      | Found a transporter.
  3678 | D:4      | Found a white marble altar of Elyvilon.
  3957 | D:4      | Noticed a +0 dagger
  3957 | D:4      | Noticed a +0 falchion
  3964 | D:4      | Found a hide-covered altar of Uskayaw.
  3964 | D:4      | Noticed a +0 dagger
  3965 | D:4      | Noticed a +0 short sword
  3966 | D:4      | Noticed a +0 spear
  3986 | D:4      | Noticed a +0 short sword
  3987 | D:4      | Noticed a +0 falchion
  3988 | D:4      | Noticed a +0 spear
  4120 | D:4      | Found a blossoming altar of Fedhas.
  4329 | D:4      | Found an iron altar of Okawaru.
  4342 | D:4      | Found a burning altar of Makhleb.
  4644 | D:4      | Reached skill level 1 in Air Magic
  4644 | D:4      | Reached XP level 7. HP: 40/40 MP: 12/12
  4899 | D:5      | Entered Level 5 of the Dungeon
  4932 | D:5      | Found Secum's General Store.
  5198 | D:5      | Reached skill level 3 in Fighting
  5358 | D:5      | Reached skill level 5 in Stealth
  5475 | D:5      | Reached XP level 8. HP: 44/47 MP: 11/13
  5534 | D:5      | Found a glowing drain.
  6166 | D:6      | Reached skill level 4 in Fighting
  6166 | D:6      | Reached skill level 1 in Short Blades
  6367 | D:6      | Reached skill level 1 in Shields
  6501 | D:6      | Noticed Blork the orc
  6519 | D:6      | Killed Blork the orc
  6597 | D:6      | Reached skill level 5 in Conjurations
  6731 | D:6      | Found a basalt altar of Yredelemnul.
  6887 | D:6      | Found a staircase to the Ecumenical Temple.
  7019 | D:6      | Found a hazy altar of Hepliaklqana.
  7066 | D:6      | Reached XP level 9. HP: 49/53 MP: 13/15
  7187 | D:7      | Reached skill level 5 in Fighting
  7545 | D:7      | Found an ancient bone altar of Kikubaaqudgha.
  7646 | D:7      | Reached skill level 1 in Evocations
  7860 | D:7      | Identified the +1 rapier of the Real Monster {flame, *Rage
                  | Int+4 Dex+2}
  8079 | D:7      | Noticed a hornet
  8101 | D:7      | Killed a hornet
  8102 | D:7      | Reached skill level 6 in Fighting
  8231 | D:7      | Noticed a troll
  8232 | D:7      | Noticed a purple ugly thing
  8236 | D:7      | Noticed a cyclops
  8309 | D:8      | Noticed Joseph
  8349 | D:8      | Killed Joseph
  8350 | D:8      | Reached skill level 5 in Shields
  8350 | D:8      | Reached XP level 10. HP: 61/61 MP: 15/17
  8466 | D:8      | Reached skill level 7 in Fighting
  8569 | D:8      | Noticed Prince Ribbit
  8587 | D:8      | Killed Prince Ribbit
  8588 | D:8      | Reached skill level 5 in Short Blades
  8698 | D:8      | Noticed Maurice
  8718 | D:8      | Killed Maurice
  8822 | D:8      | Found a staircase to the Lair.
  9562 | D:9      | Reached skill level 5 in Spellcasting
  9983 | D:10     | Entered Level 10 of the Dungeon
  9995 | D:10     | Reached skill level 8 in Fighting
 10243 | D:10     | Reached XP level 11. HP: 68/68 MP: 15/19
 10541 | Lair:1   | Entered Level 1 of the Lair of Beasts
 10841 | Lair:1   | Reached skill level 9 in Fighting
 10970 | Temple   | Entered the Ecumenical Temple
 11154 | Temple   | Became a worshipper of Gozag Ym Sagoz the Greedy
 11450 | Lair:1   | Noticed Maggie
 11494 | Lair:1   | Killed Maggie
 12008 | Lair:1   | Learned a level 5 spell: Lee's Rapid Deconstruction
 12209 | Lair:2   | Noticed a bog body
 12254 | Lair:2   | Killed a bog body
 12305 | Lair:2   | Identified the +5 ring mail of Dramatic Exits {Rampage}
 12352 | Lair:2   | Noticed a bog body
 12539 | Lair:2   | Killed a bog body
 12540 | Lair:2   | Reached skill level 1 in Armour
 12562 | Lair:2   | Noticed a bog body
 12625 | Lair:3   | Reached XP level 12. HP: 63/77 MP: 22/22
 12716 | Lair:2   | Found a staircase to the Swamp.
 12777 | Lair:3   | Found a hole to the Spider Nest.
 12969 | Lair:3   | You fall into a shaft and drop 2 floors!
 12969 | Lair:5   | Entered Level 5 of the Lair of Beasts
 13001 | Lair:5   | Reached skill level 1 in Earth Magic
 13007 | Lair:5   | Reached skill level 5 in Dodging
 13013 | Lair:5   | Reached skill level 10 in Fighting
 13954 | Lair:3   | Noticed Gastronok
 13987 | Lair:3   | Killed Gastronok
 13988 | Lair:3   | Reached XP level 13. HP: 83/83 MP: 23/23
 14592 | Lair:4   | Reached skill level 5 in Armour
 14592 | Lair:4   | Reached skill level 5 in Earth Magic
 14594 | Lair:4   | Noticed Josephine
 14611 | Lair:4   | Killed Josephine
 14653 | Lair:4   | Reached skill level 11 in Fighting
 14675 | Lair:4   | Noticed Nessos
 14785 | Lair:4   | Killed Nessos
 14823 | Lair:4   | Noticed Sonja
 14831 | Lair:4   | Killed Sonja
 16002 | Lair:5   | Identified the +9 chain mail of Huacs {rC++ rCorr Int+3
                  | Slay-2}
 16451 | Lair:5   | Found a staircase to the Slime Pits.
 16451 | Lair:5   | Found a viscous altar of Jiyva.
 16624 | Lair:5   | Reached skill level 12 in Fighting
 16749 | Lair:5   | Gained mutation: Your large and strong wings let you fly.
                  | [Gargoyle growth]
 16749 | Lair:5   | Reached XP level 14. HP: 92/92 MP: 24/24
 16780 | Lair:5   | Bought the Atlas of the Rocks for 364 gold pieces
 16780 | Lair:5   | Bought a book of Changes for 252 gold pieces
 16790 | Lair:5   | Learned a level 2 spell: Wereblood
 16795 | Lair:5   | Learned a level 4 spell: Animate Armour
 16801 | Lair:5   | Learned a level 5 spell: Borgnjor's Vile Clutch
 17236 | Lair:5   | Reached skill level 10 in Short Blades
 17935 | D:11     | Reached skill level 1 in Transmutations
 17967 | D:11     | Found a gate leading to a gauntlet.
 17982 | Gauntlet | Entered a Gauntlet
 17982 | Gauntlet | Found a transporter.
 17982 | Gauntlet | Found a transporter.
 17982 | Gauntlet | Found a runed translucent gate.
 17982 | Gauntlet | Found a runed translucent gate.
 17982 | Gauntlet | Found a runed translucent gate.
 17992 | Gauntlet | Found a transporter.
 17996 | Gauntlet | Found a transporter.
 18008 | Gauntlet | Found a transporter.
 18008 | Gauntlet | Found a transporter.
 18016 | Gauntlet | Found a transporter.
 18031 | Gauntlet | Noticed a dire elephant
 18032 | Gauntlet | Found a runed translucent door.
 18033 | Gauntlet | Found a transporter.
 18034 | Gauntlet | Found a runed translucent door.
 18034 | Gauntlet | Found the +3 pair of seven-league boots {Rampage+∞}
 18048 | Gauntlet | Found a transporter.
 18052 | Gauntlet | Found a transporter.
 18064 | Gauntlet | Found a transporter.
 18064 | Gauntlet | Found a transporter.
 18245 | Gauntlet | Found a runed translucent door.
 18330 | Gauntlet | Identified the ring of Fiforais {Drain rPois rF+ rCorr
                  | Int+8}
 18355 | Gauntlet | Learned a level 1 spell: Apportation
 18380 | Gauntlet | Mangled by a dire elephant

Illustrated notes

Levels and vault maps discovered:
D:1:      nicolae_arrival_memento_mori, layout_basic,
          ebering_ecumenical_altar_abandoned
D:2:      minmay_inner_zag, layout_loops_ring, dk_noncrumbling_3, uniq_terence,
          uniq_robin, uniq_sigmund
D:3:      layout_basic, gammafunk_ghost_arena, kennysheep_generic_room_9
D:4:      minmay_recursive_quarters, layout_basic, fedhas_altar_4,
          elyvilon_altar_1, nicolae_uskayaw_en_pointe,
          mainiacjoe_overflow_catch_the_wave
D:5:      layout_loops_corners, serial_shops, nicolae_shop_waterfront,
          gup_sewer_entry_glass, st_stairs_5, kennysheep_pointless_box
D:6:      layout_basic, mainiacjoe_overflow_alcove_2,
          mainiacjoe_overflow_concentric_impassable, temple_statues,
          kennysheep_generic_room_6, uniq_blork_the_orc
D:7:      minmay_chambers_of_sevens, layout_loops_ring,
          mainiacjoe_overflow_boulevard
D:8:      layout_basic, dpeg_oklobed_lair, serial_glass, glass_columns_b,
          glass_columns_b, uniq_maurice, uniq_prince_ribbit1, uniq_joseph
D:9:      layout_roguey, kennysheep_small_spiral, chequers_serial_rivers_small_3
D:10:     layout_roguey, fungi_pond_lemuel
D:11:     gammafunk_sealed_arena, layout_loops_ring,
          nicolae_trove_entry_crystal, gauntlet_entry_generic
Temple:   eino_temple_water
Lair:1:   layout_chaotic_city, uniq_maggie
Lair:2:   layout_big_grid, nicolae_swamp_entry_splash_gauntlet,
          lemuel_fruit_fields
Lair:3:   layout_regular_city, nicolae_spider_entry_lesser_pyramids,
          lemuel_fruit_fields, uniq_gastronok
Lair:4:   layout_layer_cave, st_stairs_13, infiniplex_staircase_pool,
          uniq_sonja, uniq_josephine, uniq_nessos
Lair:5:   minmay_lair_end_enchanted_forest, layout_gridlike,
          minmay_slime_entry_pillars, minivault_19,
          chequers_serial_rivers_room_b, chequers_serial_rivers_micro_a,
          serial_bayou_pond_e
Gauntlet: minmay_gauntlet_77_indecision [minmay_gauntlet_arena_77_run_for_it,
          minmay_gauntlet_arena_77_two_lines, minmay_gauntlet_arena_77_path,
          minmay_gauntlet_arena_77_p_blocks,
          minmay_gauntlet_arena_77_double_cross,
          minmay_gauntlet_arena_77_cramped, dreamdust_gauntlet_exit_labyrinth]

Skill      XL: |  1  2  3  4  5  6  7  8  9 10 11 12 13 14 |
---------------+-------------------------------------------+-----
Summonings     | 1 2 |  2.4
Translocations | 1 |  1.5
Stealth        | 3 4 5 6 8 |  8.1
Fighting       | 1 2 3 4 6 8 9 10 12 | 12.5
Conjurations   | 2 3 4 5 |  5.7
Poison Magic   | 1 2 3 4 |  4.4
Air Magic      | 1 2 |  2.0
Short Blades   | 2 4 5 7 8 9 10 | 10.2
Spellcasting   | 4 5 6 7 |  7.0
Shields        | 2 5 6 |  6.7
Evocations     | 3 4 |  4.3
Dodging        | 2 4 5 6 |  6.0
Armour         | 1 4 7 8 |  8.1
Earth Magic    | 4 7 8 |  8.6
Transmutations | 1 |  1.4

Action                     |  1- 3 |  4- 6 |  7- 9 | 10-12 | 13-15 || total
---------------------------+-------+-------+-------+-------+-------++-------
  Melee: Dagger            |    46 |   369 |   426 |       |       ||   841
         Punch             |       |     4 |     9 |     3 |       ||    16
         Rapier            |       |       |    69 |   902 |  1046 ||  2017
  Throw: Dart              |       |       |     1 |       |       ||     1
   Cast: Magic Dart        |    61 |    37 |     4 |     1 |       ||   103
         Call Imp          |     2 |     4 |    12 |     4 |     2 ||    24
         Mephitic Cloud    |     1 |     9 |    16 |    12 |     4 ||    42
         Blink             |       |     1 |     1 |     1 |       ||     3
         Apportation       |       |       |       |       |     1 ||     1
 Invoke: Call Merchant     |       |       |       |     1 |     1 ||     2
  Evoke: Wand              |       |       |       |    10 |    20 ||    30
    Use: Scroll            |     1 |     7 |     4 |    13 |     7 ||    32
         Potion            |       |       |     1 |     1 |     6 ||     8
   Stab: Confused          |     1 |     3 |     9 |     7 |     2 ||    22
         Sleeping          |       |     4 |     6 |     3 |     4 ||    17
         Distracted        |       |       |       |     3 |     5 ||     8
         Paralysed         |       |       |       |       |     3 ||     3
         Invisible         |       |       |       |       |     4 ||     4
 Armour: Robe              |    23 |   134 |   163 |   100 |       ||   420
         Ring mail         |       |       |       |   107 |   479 ||   586
  Dodge: Dodged            |    30 |   189 |   280 |   783 |  1391 ||  2673
  Block: Buckler           |       |       |       |   132 |   397 ||   529

Table legend: (Time is in decaauts)
 A = Elapsed time spent in this place.
 B = Non-inter-level travel time spent in this place.
 C = Inter-level travel time spent in this place.
 D = Time resting spent in this place.
 E = Time spent auto-exploring this place.
 F = Levels seen in this place.
 G = Mean time per level.
                   A        B        C        D        E       F      G
               +--------+--------+--------+--------+--------+-----+--------+
         Total |  18829 |  17465 |   1364 |    803 |  10161 |  18 | 1046.1 |
       Dungeon |  11426 |  10297 |   1129 |    349 |   6823 |  11 | 1038.7 |
        Temple |    200 |    178 |     22 |      0 |    166 |   1 |  200.0 |
          Lair |   6799 |   6587 |    212 |    420 |   3114 |   5 | 1359.8 |
      Gauntlet |    403 |    403 |      0 |     33 |     58 |   1 |  403.0 |
               +--------+--------+--------+--------+--------+-----+--------+

Top non-repeatable levels by time:
  Lair:5: 2392 daAuts
     D:2: 1735 daAuts
  Lair:4: 1457 daAuts
  Lair:3: 1364 daAuts
     D:4: 1357 daAuts
     D:1: 1286 daAuts
     D:8: 1263 daAuts
     D:7: 1252 daAuts
     D:5: 1176 daAuts
     D:6: 1165 daAuts
  Lair:1: 838 daAuts
     D:9: 748 daAuts
  Lair:2: 745 daAuts
     D:3: 701 daAuts
    D:10: 606 daAuts
